 Dungeon Crawl Stone Soup version 0.30.0-30-g96aa6591b8 (webtiles) character file.

Game seed: 15517837763178759568

82 Peloso the Trooper (level 4, 0/41 HPs)
             Began as a Minotaur Fighter on June 26, 2023.
             Succumbed to a scorpion's poison
             ... on level 2 of the Dungeon.
             The game lasted 00:01:53 (838 turns).

Peloso the Trooper (Minotaur Fighter)                Turns: 838, Time: 00:01:54

Health: 0/41       AC:  7    Str: 21    XL:     4   Next: 21%
Magic:  3/3        EV:  9    Int:  5    God:
Gold:   39         SH:  4    Dex: 11    Spells: 3/3 levels left

rFire   . . .        a - +0 long sword
rCold   . . .        c - +0 buckler
rNeg    . . .        b - +0 scale mail
rPois   .            (helmet restricted)
rElec   .            (no cloak)
rCorr   .            (no gloves)
SInv    .            (no boots)
Will    .....        (no amulet) Stlth
                     (no ring)
HPRegen 0.26/turn    (no ring)
MPRegen 0.08/turn

%: no passive effects
@: lethally poisoned (0 -> -7)
A: horns 2, retaliatory headbutt
a: no special abilities


You were on level 2 of the Dungeon.
You visited 1 branch of the dungeon, and saw 2 of its levels.

You collected 39 gold pieces.

Inventory:

Hand Weapons
 a - a +0 long sword (weapon)
Armour
 b - a +0 scale mail (worn)
 c - a +0 buckler (worn)
Scrolls
 e - 2 scrolls of identify
 f - a scroll of poison
 g - a scroll of noise
 j - a scroll of teleportation {unknown}
Potions
 d - a potion of might
 h - 2 potions of ambrosia {unknown}
 i - a potion of mutation {unknown}


   Skills:
 + Level 4.3 Fighting
 + Level 3.6 Long Blades
 + Level 4.3 Armour
 + Level 0.2 Dodging
 + Level 4.2 Shields


You had 3 spell levels left.
You didn't know any spells.
Your spell library was empty.

Dungeon Overview and Level Annotations

Branches:
Dungeon (2/15)

Altars:


Innate Abilities, Weirdness & Mutations

You have a pair of horns on your head.
You reflexively headbutt those who attack you in melee.


Message History

You kill the hobgoblin!
Found 12 gold pieces and a dagger.
Found a stone staircase leading up.
You see here a hobgoblin corpse.
Found a scroll labelled MUATTO ROSHRUI.
i - a lumpy inky potion You now have 39 gold pieces (gained 12).
j - a scroll labelled MUATTO ROSHRUI A scorpion comes into view.
You hit the scorpion but do no damage. You headbutt the scorpion!
The scorpion is heavily wounded.
The scorpion stings you.
You are poisoned.
The scorpion poisons you! The scorpion stings you.
You are lethally poisoned!
The scorpion poisons you!
You closely miss the scorpion. Your headbutt misses the scorpion.
The scorpion is heavily wounded.
You feel extremely sick. The scorpion closely misses you.
Unknown command.
You hit the scorpion.
The scorpion is severely wounded.
You feel very sick. The scorpion stings you.
* * * LOW HITPOINT WARNING * * *
The scorpion closely misses you. You furiously retaliate!
You headbutt the scorpion. You hit the scorpion.
You kill the scorpion!
* * * LOW HITPOINT WARNING * * *
You feel very sick.
Your Long Blades skill increases to level 3!
You have reached level 3!
Your experience leads to an increase in your attributes!
Increase (S)trength, (I)ntelligence, or (D)exterity?
You feel agile. x2
You have reached level 4!
You feel stronger.
Okay, then.
You die...

#.#####
##########......# #
.$......+......# #
#..$...#..<..)# #
#@#.#........# #
#####............# #
.......#.#..>.....# #
.#####............#####
?.......#.......##...
...!.....#.......##.#.
########.#.###...†....
#.#..........#.
#.#............


There were no monsters in sight!

Vanquished Creatures
  A scorpion (D:2)
  2 endoplasms (D:1)
  2 goblins (D:1)
  5 hobgoblins
  3 quokkas (D:1)
  A bat (D:1)
  6 kobolds
  3 rats (D:1)
23 creatures vanquished.

Notes
Turn   | Place    | Note
-------+----------+-------------------------------------------
     0 | D:1      | Peloso the Minotaur Fighter began the quest for the Orb.
     0 | D:1      | Reached XP level 1. HP: 19/19 MP: 0/0
   163 | D:1      | Reached XP level 2. HP: 23/27 MP: 1/1
   831 | D:2      | Noticed a scorpion
   837 | D:2      | Killed a scorpion
   837 | D:2      | HP: 1/27 [poisoned by a scorpion]
   838 | D:2      | Reached XP level 3. HP: 1/34 MP: 2/2
   838 | D:2      | Reached XP level 4. HP: 2/41 MP: 3/3
   838 | D:2      | Succumbed to a scorpion's poison

Illustrated notes

Levels and vault maps discovered:
D:1:      wander_arrival_peaceful_grave, layout_loops_ring, nicolae_eternal_life
D:2:      layout_basic, shapermc_ecumenical_altar_gd, serial_glass,
          glass_columns_b, glass_columns_c, glass_columns_a, glass_columns_c,
          glass_columns_b, glass_columns_a, glass_columns_a, glass_columns_c,
          glass_columns_b, glass_columns_a, minmay_surrounded, uniq_sigmund,
          uniq_robin

Skill      XL: |  1  2 |
---------------+-------+-----
Armour         | 4 |  4.3
Fighting       | 4 |  4.3
Shields        | 4 |  4.2
Long Blades    | 3 |  3.6
Dodging        | |  0.2

Action                     |  1- 3 |  4- 6 || total
---------------------------+-------+-------++-------
  Melee: Long sword        |    55 |       ||    55
         Headbutt          |     5 |       ||     5
    Use: Scroll            |     3 |       ||     3
 Armour: Scale mail        |    24 |       ||    24
  Dodge: Dodged            |    24 |       ||    24
  Block: Buckler           |    14 |       ||    14
